General information
- name: BNet
- type: Ladder team game (AT/RT)
- host: Battle.net
- saver: jibboos
map: BloodstoneMesa
- players: 6
- length: 128:26
- speed: Fast
- version: 1.21 W3XP
- replay type: Public
» download(497 KB)
Players
team 1 (loser)
Gona_rea (
yellow | 47 APM | 5842 actions | 125:30)
10 Blademaster
3 Wind Walk
3 Critical Strike
1 Bladestorm
3 Mirror Image
2 Demon Hunter
1 Evasion
1 Mana Burn
1 Warden
1 Fan of Knives
4 Dark Ranger
2 Silence
2 Life Drain
» actions
| Assign group hotkey | 14 | |
| Basic commands | 13 | |
| Build / train | 141 | |
| Enter build submenu | 21 | |
| Enter hero's abilities submenu | 19 | |
| Give item / drop item | 16 | |
| Remove unit from queue | 4 | |
| Right click | 3394 | |
| Select / deselect | 1306 | |
| Select group hotkey | 515 | |
| Use ability | 397 | |
5842 total
» units
| Peon | 16 | |
| Troll Batrider | 59 | |
| Demolisher | 6 | |
81 total
» upgrades
| Ranged Weapons | 3 | |
| Liquid Fire | 1 | |
| Armor | 2 | |
| Reinforced Defenses | 1 | |
| Spiked Barricades | 1 | |
| Burning Oil | 1 | |
9 total
» buildings
| Altar of Storms | 2 | |
| Orc Burrow | 9 | |
| War Mill | 1 | |
| Voodoo Lounge | 2 | |
| Watch Tower | 2 | |
| Stronghold | 1 | |
| Fortress | 1 | |
| Beastiary | 2 | |
| Great Hall | 2 | |
| Barracks | 2 | |
24 total
» build order
00:18 Altar of Storms
00:19 Orc Burrow
00:23 Altar of Storms
01:05 War Mill
01:45 Orc Burrow
02:14 Voodoo Lounge
02:23 Watch Tower
03:23 Stronghold
04:09 Watch Tower
04:47 Orc Burrow
06:18 Fortress
06:26 Beastiary
06:28 Beastiary
07:16 Orc Burrow
07:19 Orc Burrow
08:50 Orc Burrow
10:15 Orc Burrow
13:06 Orc Burrow
22:12 Great Hall
26:05 Barracks
26:07 Barracks
27:43 Orc Burrow
37:55 Voodoo Lounge
60:56 Great Hall
» items
| Healing Salve | 3 | |
| Lesser Clarity Potion | 7 | |
| Scroll of Speed | 2 | |
| Potion of Healing | 4 | |
| Orb of Lightning | 1 | |
| Orb of Venom | 1 | |
| Dust of Appearance | 3 | |
| Orb of Fire | 1 | |
| Potion of Mana | 1 | |
23 total
Her_Pies (
teal | 18 APM | 2291 actions | 126:15)
1 Warden
1 Fan of Knives
2 Demon Hunter
2 Evasion
» actions
| Assign group hotkey | 23 | |
| Build / train | 119 | |
| Enter build submenu | 39 | |
| Enter hero's abilities submenu | 3 | |
| Give item / drop item | 2 | |
| Remove unit from queue | 4 | |
| Right click | 1080 | |
| Select / deselect | 830 | |
| Use ability | 190 | |
2291 total
» units
» upgrades
| Corrosive Breath | 1 | |
| Strength of the Moon | 0 | |
| Strength of the Wild | 1 | |
| Reinforced Hides | 1 | |
3 total
» buildings
| Altar of Elders | 1 | |
| Moon Well | 20 | |
| Hunter's Hall | 1 | |
| Tree of Ages | 1 | |
| Ancient of Wonders | 2 | |
| Ancient Protector | 1 | |
| Ancient of Wind | 1 | |
| Tree of Eternity | 2 | |
| Chimaera Roost | 3 | |
| Tree of Life | 3 | |
35 total
» build order
01:14 Altar of Elders
01:32 Moon Well
02:30 Hunter's Hall
02:55 Tree of Ages
03:44 Moon Well
04:40 Ancient of Wonders
04:50 Moon Well
05:56 Ancient Protector
07:03 Ancient of Wind
07:08 Tree of Eternity
07:09 Tree of Eternity
09:37 Chimaera Roost
09:41 Chimaera Roost
09:49 Chimaera Roost
10:43 Tree of Life
11:18 Moon Well
11:21 Moon Well
11:30 Moon Well
12:19 Moon Well
15:46 Moon Well
15:50 Moon Well
29:02 Tree of Life
38:11 Moon Well
39:45 Moon Well
39:55 Tree of Life
40:34 Ancient of Wonders
41:03 Moon Well
41:57 Moon Well
43:35 Moon Well
44:55 Moon Well
46:06 Moon Well
47:19 Moon Well
48:42 Moon Well
49:41 Moon Well
49:45 Moon Well
» items
| Potion of Healing | 2 | |
| Potion of Mana | 5 | |
| Orb of Venom | 1 | |
| Scroll of Speed | 3 | |
| Moonstone | 1 | |
| Anti-magic Potion | 2 | |
| Tiny Great Hall | 1 | |
15 total
siyth_alis (
green | 8 APM | 1020 actions | 128:23)
3 Archmage
1 Summon Water Elemental
2 Blizzard
» actions
| Build / train | 116 | |
| Enter build submenu | 33 | |
| Enter hero's abilities submenu | 3 | |
| Remove unit from queue | 2 | |
| Right click | 306 | |
| Select / deselect | 512 | |
| Use ability | 48 | |
1020 total
» units
| Peasant | 5 | |
| Footman | 11 | |
| Rifleman | 3 | |
| Gryphon Rider | 29 | |
| Knight | 3 | |
| Mortar Team | 33 | |
| Siege Engine | 13 | |
97 total
» upgrades
| Storm Hammers | 1 | |
| Animal War Training | 1 | |
| Fragmentation Shards | 1 | |
| Flare | 1 | |
| Armor | 3 | |
| Long Rifles | 1 | |
| Barrage | 1 | |
9 total
» buildings
| Altar of Kings | 1 | |
| Barracks | 1 | |
| Lumber Mill | 1 | |
| Farm | 14 | |
| Keep | 2 | |
| Blacksmith | 1 | |
| Gryphon Aviary | 2 | |
| Castle | 2 | |
| Workshop | 2 | |
| Town Hall | 1 | |
| Arcane Vault | 1 | |
28 total
» build order
00:12 Altar of Kings
00:19 Barracks
01:04 Lumber Mill
01:12 Farm
02:08 Farm
02:44 Farm
03:23 Farm
04:10 Keep
04:44 Blacksmith
06:50 Farm
08:37 Gryphon Aviary
08:57 Castle
10:05 Gryphon Aviary
13:04 Farm
13:47 Farm
15:35 Farm
16:55 Farm
17:41 Farm
18:48 Workshop
19:56 Farm
21:18 Farm
22:02 Farm
26:17 Farm
27:40 Workshop
34:36 Town Hall
40:50 Arcane Vault
95:19 Keep
97:51 Castle
team 2 (winner)
jibboos (
orange | 35 APM | 4437 actions | 128:26)
5 Blademaster
2 Critical Strike
1 Bladestorm
2 Wind Walk
2 Far Seer
1 Chain Lighting
1 Far Sight
» actions
| Assign group hotkey | 6 | |
| Basic commands | 34 | |
| Build / train | 81 | |
| ESC pressed | 1 | |
| Enter build submenu | 158 | |
| Enter hero's abilities submenu | 7 | |
| Give item / drop item | 1 | |
| Right click | 2626 | |
| Select / deselect | 728 | |
| Select group hotkey | 391 | |
| Use ability | 404 | |
4437 total
» units
» upgrades
| Spiked Barricades | 3 | |
| Pillage | 1 | |
| Reinforced Defenses | 1 | |
| Ranged Weapons | 3 | |
| Armor | 3 | |
| Melee Weapons | 3 | |
| Burning Oil | 1 | |
15 total
» buildings
| War Mill | 2 | |
| Orc Burrow | 7 | |
| Altar of Storms | 1 | |
| Watch Tower | 106 | |
| Stronghold | 3 | |
| Barracks | 1 | |
| Great Hall | 5 | |
| Fortress | 2 | |
| Voodoo Lounge | 1 | |
| Beastiary | 1 | |
129 total
» build order
00:12 War Mill
00:37 Orc Burrow
00:48 Altar of Storms
01:26 Orc Burrow
02:01 Watch Tower
02:21 Watch Tower
03:13 Watch Tower
03:29 Watch Tower
04:25 Watch Tower
04:31 Watch Tower
04:35 Watch Tower
04:40 Watch Tower
04:48 Watch Tower
04:55 Watch Tower
05:04 Stronghold
06:20 Watch Tower
06:24 Watch Tower
06:31 Watch Tower
06:50 Watch Tower
07:15 Barracks
07:24 Watch Tower
07:28 Watch Tower
07:47 Watch Tower
07:54 Watch Tower
07:57 Watch Tower
08:37 Watch Tower
08:40 Watch Tower
09:28 Orc Burrow
09:59 Great Hall
10:23 Watch Tower
10:27 Watch Tower
10:58 Orc Burrow
11:04 Watch Tower
11:10 Watch Tower
11:13 Watch Tower
11:21 Watch Tower
11:26 Watch Tower
12:50 Fortress
12:57 War Mill
13:21 Watch Tower
13:26 Watch Tower
13:33 Watch Tower
13:41 Watch Tower
13:49 Watch Tower
13:58 Watch Tower
14:38 Watch Tower
14:56 Watch Tower
14:58 Watch Tower
15:01 Watch Tower
15:04 Watch Tower
15:06 Watch Tower
15:09 Watch Tower
15:23 Voodoo Lounge
15:38 Watch Tower
15:48 Watch Tower
16:24 Watch Tower
16:42 Watch Tower
16:56 Watch Tower
17:33 Watch Tower
17:57 Watch Tower
18:00 Watch Tower
18:03 Watch Tower
18:10 Watch Tower
18:38 Watch Tower
18:41 Watch Tower
18:55 Watch Tower
19:12 Watch Tower
19:14 Watch Tower
19:21 Watch Tower
19:28 Watch Tower
19:35 Watch Tower
20:12 Watch Tower
20:15 Watch Tower
20:36 Watch Tower
20:41 Watch Tower
20:45 Watch Tower
20:53 Watch Tower
20:57 Watch Tower
20:59 Watch Tower
21:40 Watch Tower
21:44 Watch Tower
21:50 Watch Tower
21:56 Watch Tower
23:12 Stronghold
23:51 Orc Burrow
23:54 Orc Burrow
24:46 Great Hall
27:22 Stronghold
27:43 Watch Tower
27:46 Watch Tower
27:50 Watch Tower
27:54 Watch Tower
28:00 Watch Tower
28:06 Watch Tower
29:44 Fortress
30:05 Watch Tower
31:55 Watch Tower
32:03 Watch Tower
32:08 Watch Tower
32:11 Watch Tower
32:16 Watch Tower
32:19 Watch Tower
33:29 Orc Burrow
33:51 Watch Tower
35:23 Great Hall
36:01 Watch Tower
36:10 Watch Tower
36:14 Watch Tower
36:27 Watch Tower
36:29 Watch Tower
36:32 Watch Tower
36:41 Watch Tower
37:37 Watch Tower
38:21 Watch Tower
38:23 Watch Tower
38:27 Watch Tower
39:52 Watch Tower
40:00 Watch Tower
40:06 Watch Tower
40:09 Watch Tower
40:13 Watch Tower
40:21 Watch Tower
40:24 Watch Tower
40:29 Watch Tower
42:50 Watch Tower
44:08 Watch Tower
53:26 Great Hall
62:32 Beastiary
119:01 Great Hall
jibbos (
pink | 44 APM | 5690 actions | 128:24)
10 Warden
3 Shadow Strike
3 Blink
1 Spirit of Vengeance
3 Fan of Knives
6 Blademaster
2 Mirror Image
3 Critical Strike
1 Wind Walk
» actions
| Assign group hotkey | 76 | |
| Basic commands | 86 | |
| Build / train | 73 | |
| Enter build submenu | 44 | |
| Enter hero's abilities submenu | 17 | |
| Give item / drop item | 4 | |
| Remove unit from queue | 1 | |
| Right click | 2750 | |
| Select / deselect | 781 | |
| Select group hotkey | 1083 | |
| Use ability | 775 | |
5690 total
» units
| Wisp | 17 | |
| Archer | 9 | |
| Hippogryph | 11 | |
37 total
» upgrades
| Strength of the Wild | 3 | |
| Strength of the Moon | 1 | |
| Well Spring | 1 | |
| Hippogryph Taming | 1 | |
| Reinforced Hides | 3 | |
| Marksmanship | 1 | |
| Improved Bows | 1 | |
11 total
» buildings
| Altar of Elders | 1 | |
| Moon Well | 33 | |
| Ancient of War | 1 | |
| Hunter's Hall | 1 | |
| Tree of Ages | 1 | |
| Ancient of Wind | 3 | |
| Tree of Eternity | 1 | |
| Ancient of Wonders | 1 | |
42 total
» build order
00:07 Altar of Elders
00:15 Moon Well
01:20 Moon Well
01:40 Moon Well
01:53 Moon Well
02:11 Moon Well
03:09 Moon Well
03:24 Moon Well
03:31 Ancient of War
04:23 Moon Well
04:30 Moon Well
04:39 Hunter's Hall
06:03 Moon Well
06:07 Moon Well
06:37 Moon Well
06:41 Moon Well
06:45 Moon Well
06:58 Tree of Ages
07:28 Moon Well
07:35 Moon Well
08:36 Moon Well
08:39 Moon Well
10:49 Ancient of Wind
10:52 Ancient of Wind
11:05 Tree of Eternity
14:50 Ancient of Wonders
16:09 Moon Well
17:12 Moon Well
21:17 Moon Well
21:20 Moon Well
21:28 Moon Well
21:33 Moon Well
21:47 Moon Well
21:55 Moon Well
22:02 Moon Well
22:12 Moon Well
22:55 Moon Well
23:16 Moon Well
30:47 Moon Well
30:51 Moon Well
31:58 Moon Well
83:59 Ancient of Wind
» items
| Orb of Venom | 1 | |
| Orb of Lightning | 2 | |
| Dust of Appearance | 1 | |
4 total
jiggers (
purple | 28 APM | 3610 actions | 128:24)
5 Blademaster
1 Mirror Image
1 Critical Strike
1 Bladestorm
2 Wind Walk
1 Far Seer
1 Chain Lighting
» actions
| Assign group hotkey | 13 | |
| Basic commands | 4 | |
| Build / train | 53 | |
| Enter build submenu | 41 | |
| Enter hero's abilities submenu | 8 | |
| Give item / drop item | 2 | |
| Right click | 2439 | |
| Select / deselect | 557 | |
| Select group hotkey | 320 | |
| Use ability | 172 | |
3610 total
» units
» upgrades
| Ranged Weapons | 2 | |
| Spiked Barricades | 2 | |
| Armor | 1 | |
5 total
» buildings
| Orc Burrow | 11 | |
| War Mill | 1 | |
| Altar of Storms | 1 | |
| Watch Tower | 19 | |
| Stronghold | 1 | |
| Beastiary | 2 | |
| Fortress | 1 | |
| Great Hall | 2 | |
38 total
» build order
00:30 Orc Burrow
00:40 War Mill
01:16 Altar of Storms
01:25 Orc Burrow
02:31 Watch Tower
02:47 Watch Tower
02:54 Watch Tower
04:28 Watch Tower
04:46 Watch Tower
05:36 Watch Tower
06:36 Watch Tower
06:43 Orc Burrow
06:50 Watch Tower
07:39 Watch Tower
08:04 Watch Tower
08:32 Stronghold
08:44 Watch Tower
08:48 Watch Tower
08:55 Watch Tower
09:23 Watch Tower
10:49 Watch Tower
11:03 Watch Tower
13:12 Beastiary
14:55 Watch Tower
15:26 Orc Burrow
16:08 Watch Tower
16:53 Beastiary
17:17 Watch Tower
17:20 Fortress
22:36 Great Hall
25:17 Orc Burrow
25:33 Orc Burrow
30:56 Orc Burrow
35:16 Orc Burrow
35:20 Orc Burrow
39:21 Orc Burrow
40:00 Orc Burrow
128:16 Great Hall
» items
| Orb of Venom | 1 | |
| Orb of Lightning | 1 | |
2 total
Chat log
(00:07 / All) Gona_rea: ares are better
(00:10 / All) Gona_rea: lawl
(00:26 / All) Gona_rea: gl hf
(00:29 / All) jibboos: you too
(00:30 / All) jibbos: please
(00:35 / All) jibbos: our names pwn
(00:42 / All) Gona_rea: yea but still
(00:47 / All) Gona_rea: ares are better
(00:52 / All) Her_Pies: We happen to be the Orgasmic Niggaz
(00:55 / All) Her_Pies: negrodamnis
(00:58 / All) jibbos: hmm, you provide a strong case
(00:59 / All) Her_Pies: damis*
(01:06 / All) jibboos: that doesn't sound cool
(33:06 / All) jibboos: you guys lose
(33:09 / All) Gona_rea: lawl
(33:12 / All) Gona_rea: thats funny
(33:16 / All) jibboos: you done for
(33:38 / All) jibboos: your going to beg us for mercy
(41:46 / Allies) jibboos: y
(41:49 / All) jibboos: you guys are done
(42:04 / All) jibboos: stick a fork in ya
(42:05 / All) Gona_rea: so you keep saying come attack =D
(42:08 / All) jibboos: your done
(50:30 / All) jibbos: ty for experience
(50:38 / All) Gona_rea: shutup
(50:40 / All) Gona_rea: bitch
(59:14 / All) jibbos: nice
(60:05 / Allies) jibboos: call back dave?
(60:09 / Allies) jibbos: not yet
(60:21 / Allies) jibbos: fuck
(60:24 / Allies) jibboos: ?
(60:38 / Allies) jibbos: can i get some cash for, nevermind, hehe
(60:39 / Allies) jibbos: thanks
(60:58 / Allies) jibbos: my mom is yacking on the phone
(61:05 / Allies) jibboos: they;re saving the mines for a longer game
(61:27 / Allies) jiggers: no bats...
(61:29 / Allies) jiggers: he ran
(61:39 / Allies) jibbos: far seer!
(61:49 / Allies) jibbos: dammit!
(62:47 / Allies) jibboos: they found this
(62:56 / Allies) jibbos: uh oh
(64:17 / Allies) jibbos: im gonna go across there map and check expos
(64:40 / Allies) jibbos: damn
(66:54 / Allies) jibbos: call me back please
(68:09 / Allies) jibbos: paul wanna keep harrassing
(68:13 / Allies) jibbos: and call me back
(88:42 / All) Gona_rea: good bitch
(90:46 / All) Gona_rea: omg
(90:50 / All) Gona_rea: maphacks much?
(90:53 / All) Gona_rea: reporting game
(90:54 / All) jibboos: not at all
(90:54 / All) Gona_rea: faggs
(90:57 / All) jibboos: report it biath
(90:59 / Allies) jibbos: go try lol
(91:10 / All) jibboos: we dont maphack at all
(91:12 / All) jibbos: dont lose and blame hacks
(91:16 / All) Gona_rea: we wont loss
(91:17 / All) jibbos: thats just low
(91:18 / All) Gona_rea: lawl
(91:24 / All) jibbos: you already have lost
(91:25 / All) jibboos: i havn't maphacked since startcraft
(91:36 / All) jibboos: sorry, but your just losing
(92:20 / All) jibboos: we have a farseerer that helps us
(100:32 / Allies) jibbos: control my stuff
(100:38 / Allies) jibboos: are you eating
(100:42 / Allies) jibboos: cause my mom wants me to eat
(107:02 / Allies) jibbos: bacl
(107:09 / Allies) jiggers: thank god
(107:09 / Allies) jibbos: any updates?
(107:57 / Allies) jiggers: yea another bladestorm attack on the front
(108:06 / Allies) jiggers: damn if you two were here we woulda killed him
(108:22 / Allies) jibbos: pauls gones?
(108:27 / Allies) jibbos: christ
(108:27 / Allies) jiggers: yea dinner
(108:41 / Allies) jibbos: well we have to keep the pressure on regardless
(108:47 / Allies) jibbos: im gonna keep striking
(108:58 / Allies) jibbos: check mines
(109:02 / Allies) jibbos: those are the most important
(109:02 / Allies) jiggers: just gonna do that
(109:24 / All) jibboos: hi
(109:28 / Allies) jiggers: whew
(120:28 / All) jibboos: duuurrrr
(120:31 / All) jibboos: maphacker
(120:34 / All) jibboos: durdurdur
(120:50 / All) Her_Pies: ummm, no?
(120:58 / All) jibboos: durr de dur maphack der
(121:03 / All) Her_Pies: who u?
(121:05 / All) Her_Pies: or us?
(121:08 / All) jibboos: you
(121:16 / All) Her_Pies: how?
(121:29 / All) jibboos: well isn't it obvious, im a noob saing your maphacking
(121:34 / All) Her_Pies: ;D
(123:37 / All) jibboos: die mother fucker die mother fucker die
(124:55 / All) Gona_rea: yall are
(124:56 / All) Gona_rea: fags
(125:02 / All) Gona_rea: and wont every 1v1 me
(125:03 / All) jibboos: i know you are but what am i
(125:04 / All) Gona_rea: homos
(125:08 / All) Gona_rea: wow
(125:10 / All) jibbos: we kicked your ass
(125:11 / All) Gona_rea: childish much?
(125:12 / All) Gona_rea: lol
(125:14 / All) Gona_rea: pink
(125:15 / Allies) jiggers: yall?
(125:17 / All) Her_Pies: lmao
(125:18 / All) Her_Pies: with
(125:20 / All) Gona_rea: yall are fucking gargabge
(125:25 / All) Gona_rea: gg for us
(125:27 / All) jibboos: you are what you eat i guess
(125:27 / Allies) jiggers: YALL?
(125:28 / All) Gona_rea: faggots
(125:34 / All) siyth_alis: you hid in a base like pusses
(125:39 / Allies) jiggers: green?!
(125:43 / All) jibbos: you are the most pathetic player i ever played against
(125:45 / Allies) jiggers: where have you been?
(125:49 / All) jibboos: didn't know green was still doing something in this game
(125:58 / All) jibbos: green is here?
(126:07 / All) Her_Pies: lmao?
(126:11 / All) Her_Pies: green town is alive
(126:12 / All) Her_Pies: fag
(126:16 / All) jibbos: he has nothing
(126:31 / All) jibbos: its so funny how terrible you guys are
(127:02 / All) jibboos: so are you still reporting us you fag